 Dungeon Crawl Stone Soup version 0.31.0-11-ge490571c62 (webtiles) character file.

Game seed: 4399872987073696012

17 qw the Shooter (level 2, 0/16 HPs)
             Began as a Deep Elf Hunter on Feb 4, 2024.
             Slain by Sigmund
             ... wielding a +0 antimagic scythe
              (8 damage)
             ... on level 2 of the Dungeon.
             The game lasted 00:00:03 (745 turns).

qw the Shooter (Deep Elf Hunter)                     Turns: 745, Time: 00:00:03

Health: 0/16       AC:  6    Str:  8    XL:     2   Next: 44%
Magic:  2/4        EV: 10    Int: 13    God:
Gold:   15         SH:  0    Dex: 18    Spells: 1/1 levels left

rFire   . . .        a - +0 shortbow
rCold   . . .        (shield currently unavailable)
rNeg    . . .        f - +1 ring mail
rPois   .            (no helmet)
rElec   .            (no cloak)
rCorr   .            (no gloves)
SInv    .            (no boots)
Will    .....        (no amulet)
Stlth   +            (no ring)
HPRegen 0.22/turn    (no ring)
MPRegen 0.09/turn

%: no passive effects
@: no status effects
A: no striking features
a: no special abilities


You were on level 2 of the Dungeon.
You visited 1 branch of the dungeon, and saw 2 of its levels.

You collected 75 gold pieces.
You spent 60 gold pieces at shops.


   Skills:
 - Level 1.5 Fighting
 + Level 6.2 Ranged Weapons
 - Level 2.4 Dodging
 - Level 1.2 Stealth


You had one spell level left.
You didn't know any spells.
Your spell library was empty.

Inventory:

Hand Weapons
 a - a +0 shortbow (weapon)
Armour
 f - a +1 ring mail (worn)
Scrolls
 b - a scroll of noise {unknown}

Dungeon Overview and Level Annotations

Branches:
Dungeon (2/15)

Altars:
Ashenzari

Shops:
D:1 [**(

Annotations:
D:2 Sigmund


Message History

Sigmund casts a spell at you. The puff of flame hits you!
Ouch! That really hurt!
Things that are here:
a +0 short sword; a kobold corpse
726 ||| FLEEEEING.
You start resting.
Sigmund is nearby!
You shoot an arrow. The arrow barely misses Sigmund.
You shoot an arrow. The arrow hits Sigmund.
Sigmund is moderately wounded.
Sigmund points at you and mumbles some strange words.
You are confused.
Sigmund gestures at you while chanting. The magic dart hits you.
Sigmund casts a spell at you.
You are more confused.
Sigmund gestures at you while chanting. You resist with significant effort.
Sigmund barely misses you. Sigmund barely misses you.
Sigmund barely misses you. Sigmund hits you but does no damage.
Sigmund closely misses you.
You feel less confused.
Sigmund hits you from afar with a +0 antimagic scythe.
You feel your power leaking away.
You shoot an arrow. The arrow hits Sigmund!
Sigmund is heavily wounded.
You shoot an arrow. The arrow hits Sigmund.
Sigmund is severely wounded.
Sigmund hits you from afar with a +0 antimagic scythe.
You feel your power leaking away.
You shoot an arrow.
The arrow hits Sigmund but does no damage.
Sigmund is severely wounded.
Sigmund hits you from afar with a +0 antimagic scythe!
Ouch! That really hurt!
You die...
Sigmund begins carving another notch in his scythe.

###.# #...#
#...# #...#
#.[.# ##.##
#.## #..#
##@# #)#
#....@.......
#......###@..
#...?..#
#..<....
#.......#
#.....#.#
#.....#.#


You could see Sigmund.

Vanquished Creatures
  3 ball pythons (D:1)
  A giant cockroach (D:1)
  2 goblins
  A hobgoblin (D:1)
  5 kobolds
  A bat (D:1)
  3 rats
16 creatures vanquished.

Notes
Turn   | Place    | Note
-------+----------+-------------------------------------------
     0 | D:1      | qw the Deep Elf Hunter began the quest for the Orb.
     0 | D:1      | Reached XP level 1. HP: 12/12 MP: 3/3
     0 | D:1      | 0 ||| qw: Version: 0.3-a-160-g6735b56
     0 | D:1      | 0 ||| qw: Game counter: 5927
     0 | D:1      | 0 ||| qw: Melee chars always use a shield: true
     0 | D:1      | 0 ||| qw: God list: Okawaru
     0 | D:1      | 0 ||| qw: Allow faded altars: false
     0 | D:1      | 0 ||| qw: Do Orc after clearing Dungeon:15 true
     0 | D:1      | 0 ||| qw: Do second Lair branch before Depths: true
     0 | D:1      | 0 ||| qw: Lair rune preference: random
     0 | D:1      | 0 ||| qw: Goals: Normal
     0 | D:1      | 0 ||| PLANNING D:1-11
    25 | D:1      | Found Maviufri's Assorted Antiques.
    29 | D:1      | 29 ||| SHOPLISTING bubbling inky potion (13 gold, have 0).
    29 | D:1      | 29 ||| SHOPLISTING coppery potion (13 gold, have 0).
    29 | D:1      | 29 ||| SHOPLISTING crude robe (85 gold, have 0).
    29 | D:1      | 29 ||| SHOPLISTING grey potion (13 gold, have 0).
    29 | D:1      | 29 ||| SHOPLISTING ring mail (60 gold, have 0).
    29 | D:1      | 29 ||| SHOPLISTING scroll labelled BEBIOV IWESHODD (15
                  | gold, have 0).
    63 | D:1      | Noticed a +0 bardiche
    69 | D:1      | Found Voepnomp's Weapon Emporium.
    72 | D:1      | Noticed a +0 triple sword
   254 | D:1      | Found Wibozuc's Antique Armour Emporium.
   264 | D:1      | 264 ||| SHOPLISTING cloak (148 gold, have 39).
   264 | D:1      | 264 ||| SHOPLISTING distressingly furry leather armour (231
                  | gold, have 39).
   264 | D:1      | 264 ||| SHOPLISTING masterwork robe (188 gold, have 39).
   264 | D:1      | 264 ||| SHOPLISTING runed cloak (247 gold, have 39).
   360 | D:1      | Reached skill level 6 in Ranged Weapons
   360 | D:1      | Reached XP level 2. HP: 16/16 MP: 4/4
   431 | D:1      | Found Gecozeyhops's General Store.
   437 | D:1      | 437 ||| BUYING +0 ring mail (40 gold).
   437 | D:1      | Bought a +0 ring mail for 40 gold pieces
   437 | D:1      | 437 ||| BUYING scroll of identify (20 gold).
   437 | D:1      | Bought a scroll of identify for 20 gold pieces
   437 | D:1      | 437 ||| SHOPLISTING scroll of identify (20 gold, have 7).
   617 | D:1      | 617 ||| UPGRADING to +0 ring mail.
   627 | D:1      | 627 ||| DROPPING +0 leather armour.
   628 | D:1      | 628 ||| READING 2 scrolls of identify.
   628 | D:1      | 628 ||| IDENTIFYING scroll labelled VEOTOS QOMIHI
   629 | D:1      | 629 ||| READING scroll of enchant armour.
   629 | D:1      | 629 ||| ENCHANTING +0 ring mail.
   630 | D:1      | 630 ||| READING scroll of identify.
   630 | D:1      | 630 ||| IDENTIFYING scroll labelled COOPON ERUME
   631 | D:1      | 631 ||| DROPPING scroll of butterflies.
   632 | D:1      | 632 ||| DROPPING scroll of fog.
   686 | D:2      | Found a broken altar of Ashenzari.
   725 | D:2      | Noticed Sigmund
   726 | D:2      | 726 ||| FLEEEEING.
   745 | D:2      | Slain by Sigmund

Levels and vault maps discovered:
D:1:      ebering_trefoil_twist, layout_basic, serial_shops,
          nicolae_shop_tiny_statue_garden, nicolae_shop_behind_doors,
          nicolae_diamond_shop, nicolae_shop_mannequins, roderic_roman_lattice
D:2:      layout_rooms, basic_altar, kennysheep_generic_room_15, uniq_sigmund

Skill      XL: |  1 |
---------------+----+-----
Ranged Weapons | 6 |  6.2
Fighting       | |  1.5
Dodging        | |  2.4
Stealth        | |  1.2

Action                     || total
---------------------------++-------
   Fire: Shortbow          ||    37
    Use: Scroll            ||     3
 Armour: Leather armour    ||     1
         Ring mail         ||    11
  Dodge: Dodged            ||     7

Table legend:
 A = Non-vault XP
 B = Vault XP
 C = Vault XP percentage of total XP
 D = Non-vault monster count
 E = Vault monster count
 F = Vault count percentage of total count
                 A         B        C        D         E       F
            +---------+---------+-------+---------+---------+-------
      Total |      25 |       0 |   0.0 |      16 |       0 |   0.0
            +---------+---------+-------+---------+---------+-------
        D:1 |      16 |       0 |   0.0 |      10 |       0 |   0.0
        D:2 |       9 |       0 |   0.0 |       6 |       0 |   0.0
            +---------+---------+-------+---------+---------+-------
